 Dungeon Crawl Stone Soup version 0.31-a0-234-gad7ace16ef (webtiles) character file.

Game seed: 9618576311885394928

700 qw the Skirmisher (level 7, -1/60 HPs)
             Began as a Minotaur Hexslinger on July 9, 2023.
             Slain by an ogre
             ... wielding a +0 giant club
              (23 damage)
             ... on level 4 of the Dungeon.
             The game lasted 00:01:16 (2928 turns).

qw the Skirmisher (Minotaur Hexslinger)             Turns: 2928, Time: 00:01:16

Health: -1/60      AC:  5    Str: 13      XL:     7   Next: 38%
Magic:  7/7        EV: 16    Int: 10      God:
Gold:   165        SH:  0    Dex: 13 (14) Spells: 7/8 levels left

rFire   . . .        Y - +1 sling
rCold   . . .        (no shield)
rNeg    . . .        n - +0 ring mail
rPois   .            (helmet restricted)
rElec   .            (no cloak)
rCorr   .            (no gloves)
SInv    .            (no boots)
Will    .....        b - amulet of faith
Stlth   +            f - +5 ring of evasion
HPRegen 0.30/turn    (no ring)
MPRegen 0.10/turn

%: faith
@: no status effects
A: horns 2, retaliatory headbutt
a: no special abilities


You were on level 4 of the Dungeon.
You visited 1 branch of the dungeon, and saw 4 of its levels.

You collected 165 gold pieces.


Innate Abilities, Weirdness & Mutations

You have a pair of horns on your head.
You reflexively headbutt those who attack you in melee.


   Skills:
 + Level 4.8 Fighting
 - Level 8.0 Ranged Weapons
 - Level 1.0 Armour
 - Level 2.1 Dodging
 - Level 1.0 Spellcasting
 - Level 2.0 Hexes


You had 7 spell levels left.
You knew the following spells:

 Your Spells              Type           Power      Damage    Failure   Level
a - Slow                  Hex            16%        N/A       32%         1

Your spell library contained the following spells:

 Spells                   Type           Power      Damage    Failure   Level
 Inner Flame              Hex/Fire       2%         N/A       82%         3
 Portal Projectile        Hex/Tloc       4%         N/A       82%         3
 Cause Fear               Hex            2%         N/A       97%         4

Inventory:

Hand Weapons
 Y - a +1 sling (weapon)
Armour
 n - a +0 ring mail (worn)
Jewellery
 b - an amulet of faith (around neck)
 f - a +5 ring of evasion (left hand)
Scrolls
 a - a scroll of vulnerability {unknown}
 h - 2 scrolls of identify
Potions
 e - a potion of lignification {unknown}
 g - 2 potions of curing {unknown}
 i - a potion of enlightenment {unknown}
 l - a potion of might {unknown}
 m - a potion of haste

Dungeon Overview and Level Annotations

Branches:
Dungeon (4/15)
 Temple: D:4-7

Altars:


Message History

Enter note:
Enter note:
Enter note:
Enter note:
Enter note:
Enter note:
Enter note:
Enter note:
Enter note:
Enter note: You shoot a sling bullet.
The sling bullet barely misses the ogre.
The ogre shouts!
You shoot a sling bullet.
The sling bullet completely misses the ogre.
You shoot a sling bullet. The sling bullet hits the ogre.
The ogre is lightly wounded.
You shoot a sling bullet.
The sling bullet completely misses the ogre.
You shoot a sling bullet.
The sling bullet barely misses the ogre.
You shoot a sling bullet. The sling bullet hits the ogre.
The ogre is moderately wounded.
The ogre hits you with a +0 giant club!!
You shoot a sling bullet.
The sling bullet barely misses the ogre.
The ogre hits you with a +0 giant club!
You shoot a sling bullet. The sling bullet hits the ogre!
The ogre is heavily wounded.
The ogre barely misses you.
You shoot a sling bullet.
The sling bullet completely misses the ogre.
You shoot a sling bullet. The sling bullet hits the ogre.
The ogre is severely wounded.
The ogre barely misses you. You furiously retaliate!
You headbutt the ogre. You shoot a sling bullet.
The sling bullet hits the ogre but does no damage.
The ogre is almost dead.
The ogre hits you with a +0 giant club!!
You die...

#.......# .......
#......## #.#.#.#
#......# #
....... #......#
.# #.#.#.
#......# ..#..
......
###......##....#.
.#.#.#
..)..............
.....
..............#.#
#.#.
[..###@O........
.. ...
#?.......#.
.#.#.# ..
#######.#..
...... .# #
#.#.#. . ... #
#.#.# .... . ###
##


You could see an ogre.

Vanquished Creatures
  Grinder (D:4)
  Eustachio (D:4)
  A black bear (D:4)
  An ogre (D:4)
  Robin (D:2)
  9 adders
  4 dart slugs
  8 ball pythons
  3 bats
  6 endoplasms
  3 giant cockroaches
  15 goblins
  6 hobgoblins
  4 jackals (D:1)
  13 kobolds
  2 quokkas (D:3)
  A frilled lizard (D:2)
  8 rats
87 creatures vanquished.

Notes
Turn   | Place    | Note
-------+----------+-------------------------------------------
     0 | D:1      | qw the Minotaur Hexslinger began the quest for the Orb.
     0 | D:1      | Reached XP level 1. HP: 16/16 MP: 1/1
     0 | D:1      | 0 ||| qw: Version: 0.3-a-51-g015441d
     0 | D:1      | 0 ||| qw: Game counter: 4177
     0 | D:1      | 0 ||| qw: Melee chars always use a shield: true
     0 | D:1      | 0 ||| qw: God list: Okawaru
     0 | D:1      | 0 ||| qw: Allow faded altars: false
     0 | D:1      | 0 ||| qw: Do Orc after clearing Dungeon:15 true
     0 | D:1      | 0 ||| qw: Do second Lair branch before Depths: true
     0 | D:1      | 0 ||| qw: Lair rune preference: random
     0 | D:1      | 0 ||| qw: Goals: Normal
     0 | D:1      | 0 ||| PLANNING D:1-11
   135 | D:1      | Reached skill level 3 in Ranged Weapons
   135 | D:1      | Reached XP level 2. HP: 23/23 MP: 2/2
   574 | D:1      | 574 ||| READING scroll labelled JONIUM BO ZAUPN.
   617 | D:1      | 617 ||| READING scroll labelled FESTIMNA AJAR.
   618 | D:1      | 618 ||| READING scroll labelled EWAEHI FINK.
   619 | D:1      | 619 ||| READING scroll labelled RAOFO IMAHI.
   620 | D:1      | 620 ||| DRINKING 2 yellow potions.
   621 | D:1      | 621 ||| DROPPING scroll of poison.
   698 | D:2      | Reached XP level 3. HP: 29/29 MP: 3/3
   726 | D:2      | Reached skill level 4 in Ranged Weapons
   856 | D:2      | Noticed Robin
   864 | D:2      | Reached XP level 4. HP: 25/36 MP: 4/4
   883 | D:2      | Killed Robin
  1188 | D:2      | Reached skill level 5 in Ranged Weapons
  1286 | D:2      | 1286 ||| UPGRADING to +0 leather armour.
  1296 | D:2      | 1296 ||| DROPPING +0 robe.
  1297 | D:2      | 1297 ||| UPGRADING to amulet of faith.
  1302 | D:2      | 1302 ||| UPGRADING to +5 ring of evasion.
  1303 | D:2      | 1303 ||| READING scroll labelled JYUTZE HOASEH.
  1304 | D:2      | 1304 ||| READING scroll labelled RAPLOI SAATIS.
  1405 | D:2      | 1405 ||| DRINKING 2 clear potions.
  1406 | D:2      | 1406 ||| DROPPING potion of brilliance.
  1501 | D:3      | 1501 ||| Stepping ~*~*~tactically~*~*~ (outnumbered).
  1709 | D:3      | Reached skill level 3 in Fighting
  2069 | D:3      | Reached XP level 5. HP: 45/45 MP: 5/5
  2138 | D:3      | 2138 ||| UPGRADING to +0 ring mail.
  2148 | D:3      | 2148 ||| DROPPING +0 leather armour.
  2149 | D:3      | 2149 ||| READING scroll labelled OFALUMP TADAI.
  2150 | D:3      | 2150 ||| READING scroll labelled SIMA HOLUET.
  2154 | D:3      | 2154 ||| DRINKING 2 ruby potions.
  2155 | D:3      | 2155 ||| DRINKING 2 puce potions.
  2162 | D:3      | 2162 ||| DROPPING potion of ambrosia.
  2220 | D:4      | Reached skill level 1 in Armour
  2244 | D:4      | Noticed Grinder
  2262 | D:4      | Paralysed by Grinder for 2 turns
  2267 | D:4      | Paralysed by Grinder for 5 turns
  2280 | D:4      | Killed Grinder
  2281 | D:4      | Reached skill level 6 in Ranged Weapons
  2281 | D:4      | Reached XP level 6. HP: 17/51 MP: 6/6
  2416 | D:4      | Noticed Eustachio
  2455 | D:4      | HP: 11/51 [Eustachio/+0 rapier (4)]
  2456 | D:4      | 2456 ||| READING scroll of teleportation.
  2457 | D:4      | 2457 ||| DRINKING potion of heal wounds.
  2459 | D:4      | Killed Eustachio
  2536 | D:4      | Reached skill level 7 in Ranged Weapons
  2536 | D:4      | Reached XP level 7. HP: 60/60 MP: 7/7
  2650 | D:4      | HP: 6/60 [ogre/+0 giant club (33)]
  2651 | D:4      | 2651 ||| READING scroll of teleportation.
  2879 | D:4      | Reached skill level 8 in Ranged Weapons
  2928 | D:4      | Slain by an ogre

Levels and vault maps discovered:
D:1:      ebering_hopf_link, layout_loops_ring
D:2:      layout_rooms, roderic_roman_lattice, uniq_robin
D:3:      layout_basic
D:4:      layout_basic, hex_medium, uniq_eustachio, uniq_grinder

Skill      XL: |  1  2  3  4  5  6  7 |
---------------+----------------------+-----
Ranged Weapons | 3 4 5 6 7 8 |  8.0
Fighting       | 2 3 4 |  4.8
Armour         | 1 |  1.0
Dodging        | |  2.1
Spellcasting   | |  1.0
Hexes          | |  2.0

Action                     |  1- 3 |  4- 6 |  7- 9 || total
---------------------------+-------+-------+-------++-------
   Fire: Sling             |    79 |   172 |    47 ||   298
    Use: Scroll            |     4 |     5 |     1 ||    10
         Potion            |     1 |     4 |       ||     5
 Armour: Robe              |     3 |     8 |       ||    11
         Leather armour    |       |     2 |       ||     2
         Ring mail         |       |    38 |    12 ||    50
  Dodge: Dodged            |    18 |   127 |    26 ||   171

Table legend:
 A = Non-vault XP
 B = Vault XP
 C = Vault XP percentage of total XP
 D = Non-vault monster count
 E = Vault monster count
 F = Vault count percentage of total count
                 A         B        C        D         E       F
            +---------+---------+-------+---------+---------+-------
      Total |     491 |     510 |  50.9 |      73 |      14 |  16.1
            +---------+---------+-------+---------+---------+-------
        D:1 |      38 |       0 |   0.0 |      21 |       0 |   0.0
        D:2 |      70 |      35 |  33.3 |      17 |      12 |  41.4
        D:3 |      62 |       0 |   0.0 |      23 |       0 |   0.0
        D:4 |     321 |     475 |  59.7 |      12 |       2 |  14.3
            +---------+---------+-------+---------+---------+-------
